 Dungeon Crawl Stone Soup version 0.27.1-1-g398f81649c (webtiles) character file.

Game seed: 7350302708005153712

3 VictoriousLee the Covered (level 1, 0/18 HPs)
             Began as a Barachi Fighter on Sept 9, 2021.
             Slain by a kobold (4 damage)
             ... on level 1 of the Dungeon.
             The game lasted 00:00:32 (112 turns).

VictoriousLee the Covered (Barachi Fighter)          Turns: 112, Time: 00:00:33

Health: 0/18       AC:  6    Str: 17    XL:     1   Next: 50%
Magic:  1/1        EV:  7    Int:  8    God:
Gold:   11         SH:  9    Dex: 11    Spells: 0/0 levels left

rFire    . . .     SeeInvis .   a - +0 long sword
rCold    . . .     Faith    .   c - +0 kite shield
rNeg     . . .     Spirit   .   b - +0 scale mail
rPois    .         Reflect  .   (no helmet)
rElec    .         Harm     .   (no cloak)
rCorr    .         Rampage  .   (no gloves)
Will     .....                  (no boots)
Stlth    ..........             (no amulet)
HPRegen  0.06/turn              (no ring)
MPRegen  0.07/turn              (no ring)

@: slow
A: amphibious, slowness 1, strong legs 1, +LOS
a: Hop


You were on level 1 of the Dungeon.
You visited 1 branch of the dungeon, and saw 1 of its levels.

You collected 11 gold pieces.

Inventory:

Hand Weapons
 a - a +0 long sword (weapon)
Missiles
 e - 15 arrows
Armour
 b - a +0 scale mail (worn)
 c - a +0 kite shield (worn)
Potions
 d - a potion of might


   Skills:
 - Level 3.6 Fighting
 + Level 2.8 Long Blades
 - Level 3.6 Armour
 - Level 3.2 Shields


You couldn't memorise any spells.
You didn't know any spells.
Your spell library was empty.

Dungeon Overview and Level Annotations

Branches:
Dungeon (1/15)

Altars:


Innate Abilities, Weirdness & Mutations

You are amphibious.
You cover ground slowly.
You can hop short distances.
You have an extended range of vision and can be seen from far away.


Message History

The ball python bites you but does no damage.
The ball python constricts you.
You barely miss the ball python. You block the ball python's attack.
The ball python constricts you.
You closely miss the ball python. You block the ball python's attack.
The ball python constricts you. The ball python bites you.
The ball python constricts you.
You are too injured to fight recklessly!
You are too injured to fight recklessly!
You are too injured to fight recklessly!
You are too injured to fight recklessly!
You are too injured to fight recklessly!
You are too injured to fight recklessly!
You closely miss the ball python.
The ball python bites you but does no damage.
The ball python constricts you.
The ball python bites you but does no damage.
The ball python constricts you.
You barely miss the ball python. You block the ball python's attack.
The ball python constricts you. The ball python bites you.
The ball python constricts you.
You closely miss the ball python.
The ball python bites you but does no damage.
The ball python constricts you.
You closely miss the ball python. You block the ball python's attack.
The ball python constricts you. The ball python bites you.
* * * LOW HITPOINT WARNING * * *
The ball python constricts you.
You hit the ball python but do no damage.
You block the ball python's attack. The ball python constricts you.
The ball python completely misses you.
You riposte.
You slash the ball python!
You kill the ball python!
You closely miss the kobold. You block the kobold's attack.
You barely miss the kobold. The kobold hits you but does no damage.
You hit the kobold but do no damage. The kobold barely misses you.
You riposte.
You hit the kobold but do no damage. The kobold closely misses you.
You hit the kobold but do no damage. The kobold barely misses you.
The kobold closely misses you.
You closely miss the kobold. The kobold hits you with a +0 club.
You die...

...## #...........###
)....##..............
.. #.............##
####.........##
#.........#
###.#####.# #..# #..#
##.###.## #JK@...#
#####..########
#..[......#
####........#
#......#.....
#.#..##.##.## #.#..#
⌠.# # #.#..# ##
#############.#.#.


You could see an endoplasm and a kobold.

Vanquished Creatures
  A ball python (D:1)
  2 bats (D:1)
  A rat (D:1)
4 creatures vanquished.

Notes
Turn   | Place    | Note
-------+----------+-------------------------------------------
     0 | D:1      | VictoriousLee the Barachi Fighter began the quest for the
                  | Orb.
     0 | D:1      | Reached XP level 1. HP: 18/18 MP: 1/1
   112 | D:1      | Slain by a kobold

Illustrated notes

Levels and vault maps discovered:
D:1:      dpeg_arrival_erosion, layout_rooms, grunt_decor_one_mirror

Action                   || total
-------------------------++-------
Melee: Long sword        ||    22
Armor: Scale mail        ||    16
Dodge: Dodged            ||    12
Block: Kite shield       ||    13
       Rpst.: Long sword ||     3
